 Dungeon Crawl Stone Soup version 0.16-a0-778-g0731923 (webtiles) character file.

279266 Ololoev the Eclecticist (level 19, -14/91 (93) HPs)
             Began as a Spriggan Enchanter on Sept 23, 2014.
             Was a High Priest of Nemelex Xobeh.
             Demolished by a deep troll (39 damage)
             ... led by an ironheart preserver
             ... on Level 1 of the Vaults on Sept 25, 2014.
             The game lasted 07:18:10 (59624 turns).

Ololoev the Eclecticist (Spriggan Enchanter)       Turns: 59624, Time: 07:18:10

HP -14/91 (93)   AC 12     Str  6      XL: 19   Next: 65%
MP   0/43        EV 32     Int 23      God: Nemelex Xobeh [*****.]
Gold 69          SH  7     Dex 21      Spells: 10 memorised, 11 levels left

rFire  + + .     SeeInvis +     H - +6 cutlass "Beastslayer" {pain, +Inv rF+ MR+}
rCold  + . .     Clarity  .     I - +1 robe {rC+}
rNeg   . . .     rCorr    .     d - +0 buckler {rF+}
rPois  +         rRot     .     Y - +2 hat of the High Council {Archmagi, Wiz- Stlth-}
rElec  .         Spirit   +     X - +2 cloak "Piodioh" {Dex+3}
SustAb .         Warding  .     (gloves unavailable)
rMut   .         Rnd*Tele +     (boots unavailable)
Gourm  .                        f - amulet of guardian spirit
MR     +++++                    N - ring of wizardry
                                R - ring of poison resistance

@: very quick, almost entirely resistant to hostile enchantments, quite stealthy
A: unfitting armour, horns 1, iridescent scales 1, see invisible, clever 1,
herbivore 3, speed 3, magic resistance 1, sense surroundings 1, slow metabolism
2, teleportitis 1, placid magic 1
a: Draw One, Peek at Two, Triple Draw, Deal Four, Stack Five, Renounce Religion,
Evoke Invisibility
}: 2/15 runes: barnacled, gossamer


You were on level 1 of the Vaults.
You worshipped Nemelex Xobeh.
Nemelex Xobeh was extremely pleased with you.
You were not hungry.

You visited 8 branches of the dungeon, and saw 42 of its levels.
You visited 1 bazaar.
You also visited: Ice Cave.

You collected 3941 gold pieces.
You spent 3870 gold pieces at shops.

Inventory:

Hand weapons
 H - the +6 cutlass "Beastslayer" (weapon) {pain, +Inv rF+ MR+}
   (You found it on level 10 of the Dungeon)

   In the hands of one skilled in necromantic magic, it inflicts extra damage on
   living creatures.
   It protects you from fire.
   It affects your resistance to hostile enchantments.
   It lets you turn invisible.
Missiles
 A - 9 throwing nets (quivered)
Armour
 d - a +0 buckler of fire resistance (worn)
 I - a +1 robe of cold resistance (worn)
 X - the +2 cloak "Piodioh" (worn) {Dex+3}
   (You bought it in a shop in a bazaar)

   It affects your dexterity (+3).
 Y - the +2 hat of the High Council (worn) {Archmagi, Wiz- Stlth-}
   (You bought it in a shop in a bazaar)

   It makes you less stealthy.
Magical devices
 i - a wand of hasting (3)
 m - a wand of fireball (3)
 T - a wand of teleportation (5)
Comestibles
 p - 11 bread rations
 D - 12 fruits
Scrolls
 g - 5 scrolls of blinking
 j - a scroll of summoning
 k - 2 scrolls of immolation
 l - 9 scrolls of teleportation
 n - 9 scrolls of remove curse
 w - 5 scrolls of recharging
 x - 11 scrolls of identify
 C - 6 scrolls of magic mapping
 E - 5 scrolls of fear
 G - 2 scrolls of silence
 J - 6 scrolls of fog
 L - 3 scrolls of enchant armour
Jewellery
 e - an uncursed amulet of resist mutation
 f - an amulet of guardian spirit (around neck)
 N - a ring of wizardry (right hand)
 R - a ring of poison resistance (left hand)
Potions
 a - 5 potions of cancellation
 h - a potion of magic
 q - 6 potions of resistance
 r - 4 potions of brilliance
 t - 5 potions of restore abilities
 u - 12 potions of curing
 v - a potion of agility
 z - 2 potions of haste
 B - 2 potions of might
 F - 6 potions of heal wounds
Miscellaneous
 b - a lamp of fire
 c - a lamp of fire
 M - a fan of gales
 O - a legendary deck of escape {the Elixir, left: 5}
 P - a legendary deck of war {Fortitude, left: 2}
 Q - a lamp of fire
 S - a legendary deck of war {Degeneration, left: 4}
 V - a lamp of fire


   Skills:
 - Level 8.0 Fighting
 - Level 14.1 Short Blades
 - Level 14.0 Dodging
 - Level 11.5 Stealth
 - Level 2.1 Shields
 + Level 17.7 Spellcasting
 * Level 8.4 Conjurations
 - Level 15.3 Hexes
 - Level 9.1 Necromancy
 - Level 11.5 Ice Magic
 - Level 7.2 Air Magic
 - Level 14.0 Evocations


You had 11 spell levels left.
You knew the following spells:

 Your Spells              Type           Power        Failure   Level  Hunger
a - Regeneration          Chrm/Necr      #####.....   1%          3    None
b - Ensorcelled Hibernat  Hex/Ice        ######       0%          2    None
c - Confuse               Hex            ######..     0%          3    None
d - Agony                 Necr           ######..     1%          5    None
f - Freezing Cloud        Conj/Ice/Air   ######....   4%          6    ####...
g - Tukima's Dance        Hex            ######..     0%          3    None
i - Flight                Chrm/Air       #####.....   1%          3    None
j - Simulacrum            Ice/Necr       ######....   3%          6    ####...
k - Orb of Destruction    Conj           ######....   45%         7    #####..
l - Animate Dead          Necr           N/A          1%          4    None


Dungeon Overview and Level Annotations

Branches:
Dungeon (15/15)            Temple (0/1) D:7             Orc (4/4) D:11
    Elf (2/3) Orc:3          Lair (8/8) D:9          Shoals (5/5) Lair:3
 Spider (5/5) Lair:3        Slime (0/6) Lair:7       Vaults (1/5) D:14
 Depths (2/5) D:15

Altars:
Cheibriados
Dithmenos
Elyvilon
Gozag
Nemelex Xobeh
Okawaru
Qazlal
Sif Muna
Vehumet
Xom
The Shining One
Beogh
Lugonu

Shops:
D:7 %   D:14 :   Orc:1 !   Orc:2 [   Orc:4 ?!!=**?   Elf:1 [   Depths:1 *

Portals:
Abyss: Depths:1

Annotations:
D:9 Gastronok
Depths:2 Sojobo


Innate Abilities, Weirdness & Mutations

You are tiny and cannot use many weapons and most armour.
You have supernaturally acute eyesight.
You are a herbivore.
You cover ground extremely quickly.
You need consume almost no food.
You have a pair of small horns on your head.
You are partially covered in iridescent scales (AC +4).
Your mind is acute. (Int +2)
You are resistant to hostile enchantments.
You passively map a small area around you.
Space occasionally distorts in your vicinity.
Your spells are a little easier to cast, but a little less powerful.


Message History

You block the deep troll's attack. The deep troll claws you!!
* * * LOW HITPOINT WARNING * * *
The deep troll closely misses you.
You are too injured to fight recklessly!
Casting: Confuse
Confirm with . or Enter, or press ? or * to list all spells.
Aiming: Confuse
Press: ? - help, Shift-Dir - straight line, f - deep troll
Aim: a deep troll (almost dead, fast, unusually strong)
You feel a surge of power!
The deep troll struggles to resist.
The deep troll completely misses you. x3
Casting: Confuse
Confirm with . or Enter, or press ? or * to list all spells.
Aiming: Confuse
Press: ? - help, Shift-Dir - straight line, f/p - deep troll
Aim: a deep troll (almost dead, fast, unusually strong)
You feel a surge of power!
The deep troll struggles to resist.
The deep troll bites you!!!
You die...
Your body disappears without a glow.

, , # , , , $# , , ,, ..#
, . .# , .... * , .,*,.#
.###.# , .., #....# * ...
###.T..# #....#.#....#
#.......@T..# *
########'################
,
s.....%..(...............#
.........................#
.........................#
,
........................#
, ,
........................+
**
########+##########.....#
,* #.....#


You could see 2 deep trolls.

Vanquished Creatures
  Saint Roka (Shoals:2)
  Arachne (Spider:5)
  A deep elf blademaster (Elf:2)
  A lich (Depths:1)
  2 krakens (Shoals:5)
  A titan (Depths:1)
  Frances (Shoals:1)
  Kirke (Shoals:1)
  Ilsuiw (Shoals:5)
  Donald (Spider:1)
  2 ghost moths
  Aizul (Spider:5)
  Louise (Spider:1)
  4 emperor scorpions
  A frost giant (D:15)
  3 very ugly things
  2 stone giants (Depths:1)
  Azrael (Spider:1)
  5 merfolk javelineers
  Snorg (Orc:2)
  An ettin (Depths:1)
  10 merfolk impalers
  3 fire dragons (Depths:1)
  2 minotaurs
  A deep elf high priest (Elf:1)
  An ironheart preserver (Vaults:1)
  A rakshasa (Depths:1)
  10 hydras
  An ice dragon (Depths:1)
  A yaktaur captain (Depths:2)
  Nessos (D:11)
  4 sirens
  Erica (Lair:7)
  9 centaur warriors
  5 dancing weapons (Elf:2)
  2 alligator snapping turtles (Shoals:5)
  An alligator (Shoals:5)
  A deep troll shaman (Vaults:1)
  2 merfolk aquamancers
  2 ogre magi
  10 death yaks
  The ghost of Psiweapon the Carver, a powerful TeBe of Trog (Lair:1)
  3 satyrs
  3 tengu warriors
  A sun demon (Spider:3)
  A catoblepas (Lair:5)
  Nergalle (D:13)
  4 deep elf knights
  2 unseen horrors (D:15)
  The ghost of bronies4ever the Basher, an experienced OgBe of Trog (D:5)
  6 sea snakes
  A flayed ghost (Depths:1)
  A deep elf summoner (Elf:2)
  2 fire crabs
  An ice statue (IceCv)
  5 harpies (Shoals:5)
  3 hill giants
  19 orb spiders
  38 wolf spiders
  6 ugly things
  2 deep trolls (Vaults:1)
  8 orc knights
  An oklob plant (Lair:8)
  13 griffons
  12 deep elf conjurers
  2 moths of wrath (Spider:5)
  2 orc sorcerers (Orc:4)
  5 cyclopes
  A draconian (Spider:5)
  6 mermaids
  3 red wasps
  16 elephants
  8 manticores
  13 fauns
  6 water nymphs
  Maurice (D:11)
  4 black mambas
  2 gargoyles
  2 apocalypse crabs (Spider:5)
  2 queen ants
  A centaur zombie (D:13)
  A torpor snail (Spider:3)
  34 spiny frogs
  A feature mimic (Lair:4)
  2 item mimics
  2 centaur skeletons
  2 efreet
  12 komodo dragons
  A yaktaur (D:15)
  The ghost of bronies4ever the Cudgeler, an average OgBe of Trog (D:4)
  13 demonic crawlers
  10 deep elf priests
  A tengu conjurer (D:13)
  5 trolls
  18 polar bears
  2 giant leeches (Lair:8)
  A fire drake (Lair:6)
  A queen bee (Spider:3)
  Sonja (D:13)
  2 hydra zombies
  27 merfolk
  7 wind drakes
  7 two-headed ogres
  19 jumping spiders
  9 slime creatures
  7 ravens
  A slime creature (shapeshifter) (D:14)
  A boulder beetle (Spider:4)
  17 blink frogs
  11 snapping turtles
  15 trapdoor spiders
  3 basilisks
  51 yaks
  46 redbacks
  27 deep elf magi
  17 tarantellas
  2 vampires
  2 wyverns
  A wraith (D:13)
  17 water elementals
  A shadow (D:14)
  4 fire elementals (Spider:1)
  5 hogs
  2 hungry ghosts
  2 humans (D:9)
  A hill giant skeleton (D:14)
  10 hippogriffs
  2 fire bats (Shoals:4)
  A hog (shapeshifter) (D:15)
  11 vampire mosquitoes
  6 wargs
  24 deep elf fighters
  3 hell hounds (Spider:1)
  6 soldier ants (Lair:7)
  2 nagas (Shoals:5)
  22 wolves
  13 water moccasins
  An ogre skeleton (D:15)
  9 porcupines
  39 spiders
  8 ice beasts
  51 orc warriors
  6 sky beasts
  23 centaurs
  3 phantoms
  A yellow wasp (D:11)
  4 black bears
  11 ogres
  11 crocodiles
  3 big kobolds
  Sigmund (D:3)
  A brain worm (D:13)
  A wyvern zombie (D:7)
  An insubstantial wisp (Spider:5)
  27 giant frogs
  23 killer bees
  10 scorpions
  12 electric eels
  28 wights
  2 vampire bats (Lair:2)
  13 hounds
  4 goliath beetles
  4 crimson imps
  3 quasits
  21 orc priests
  4 jellies
  6 iguanas
  35 worker ants
  28 orc wizards
  5 orange rats (Lair:2)
  14 sheep
  Jessica (D:3)
  A big kobold zombie (D:3)
  A hound zombie (D:9)
  A hound skeleton (D:11)
  Terence (D:2)
  A mummy (D:11)
  8 gnolls
  25 adders
  44 green rats
  A shadow imp (D:14)
  12 white imps (Lair:1)
  3 worms
  7 orc zombies
  An adder zombie (D:7)
  An ooze (D:3)
  199 orcs
  2 ball pythons (D:1)
  23 goblins
  18 hobgoblins
  10 jackals
  11 quokkas
  19 bats
  2 giant cockroaches
  5 giant geckos
  7 giant newts
  2 giant spores
  A goblin skeleton (D:4)
  A goblin zombie (D:5)
  18 kobolds
  3 orc skeletons
  17 rats
  A rat skeleton (D:7)
  4 ballistomycetes
  8 fungi
  15 plants
  4 tentacles (Shoals:5)
1713 creatures vanquished.

Vanquished Creatures (collateral kills)
  Rupert (Lair:5)
  A tengu reaver (Depths:1)
  2 ghost moths (Spider:5)
  A frost giant (IceCv)
  Wiglaf (Spider:5)
  An emperor scorpion (Spider:5)
  A fire giant (Depths:1)
  A deep elf annihilator (Elf:1)
  A rakshasa (Depths:2)
  2 sirens (Shoals:4)
  A dancing weapon (Elf:2)
  9 death yaks
  A merfolk aquamancer (Shoals:5)
  A sea snake (Shoals:1)
  2 orb spiders
  A deep elf conjurer (Elf:1)
  A hill giant (Depths:1)
  3 wolf spiders
  An eye of devastation (Lair:7)
  A red wasp (Lair:6)
  A torpor snail (Spider:5)
  A spiny frog (Lair:7)
  A komodo dragon (Lair:7)
  A deep elf priest (Elf:2)
  2 jumping spiders (Spider:1)
  A two-headed ogre (D:15)
  A tarantella (Spider:5)
  3 water elementals
  7 redbacks
  A golden eye (Spider:5)
  A deep elf fighter (Elf:2)
  10 yaks
  5 spiders
  A crocodile (Lair:2)
  An insubstantial wisp (Spider:5)
  A killer bee (D:11)
  A hound (Lair:2)
  7 green rats
  An adder (Lair:2)
  7 kobolds (D:8)
  A fungus (Lair:8)
88 creatures vanquished.

Vanquished Creatures (others)
  A fire giant (Depths:1)
  An orc warlord (Orc:4)
  A player illusion (IceCv)
  An orb spider (Spider:1)
  3 red wasps (Lair:6)
  7 drowned souls (Shoals:4)
  2 fire elementals (Lair:8)
  2 redbacks
  4 dancing weapons
  An ice beast (Elf:1)
  2 insubstantial wisps (Spider:5)
  3 killer bees (Spider:5)
  A quasit (D:9)
  An orc priest (Orc:4)
  An orc wizard (Orc:4)
  8 sheep (Spider:5)
  An orc (Orc:4)
  31 fungi
  26 plants
  12 tentacles (Shoals:5)
  1242 tentacle segments (Shoals:5)
1351 creatures vanquished.

Grand Total: 3152 creatures vanquished

Notes
Turn   | Place    | Note
--------------------------------------------------------------
     0 | D:1      | Ololoev, the Spriggan Enchanter, began the quest for the Orb.
     0 | D:1      | Reached XP level 1. HP: 9/9 MP: 4/4
   450 | D:1      | Reached XP level 2. HP: 7/13 MP: 3/8
   454 | D:1      | Learned a level 2 spell: Ensorcelled Hibernation
  1092 | D:2      | Reached XP level 3. HP: 16/16 MP: 12/12
  1101 | D:2      | Learned a level 3 spell: Confuse
  1206 | D:2      | Noticed Terence
  1227 | D:2      | Killed Terence
  1549 | D:2      | Found a deep blue altar of Sif Muna.
  1573 | D:2      | Reached XP level 4. HP: 21/21 MP: 16/16
  1765 | D:2      | Reached skill level 5 in Spellcasting
  2479 | D:3      | Noticed Jessica
  2482 | D:3      | Killed Jessica
  2542 | D:3      | Reached XP level 5. HP: 24/24 MP: 20/20
  2620 | D:3      | Reached skill level 6 in Spellcasting
  2710 | D:3      | Noticed Sigmund
  2829 | D:3      | Killed Sigmund
  2829 | D:3      | Reached skill level 5 in Hexes
  2829 | D:3      | Reached skill level 1 in Ice Magic
  3182 | D:3      | Reached XP level 6. HP: 23/28 MP: 18/22
  3605 | D:4      | Noticed bronies4ever's ghost (average OgBe)
  3656 | D:4      | Killed bronies4ever's ghost
  3656 | D:4      | Reached XP level 7. HP: 32/32 MP: 10/24
  4192 | D:5      | Entered Level 5 of the Dungeon
  4195 | D:5      | Noticed bronies4ever's ghost (experienced OgBe)
  4401 | D:5      | Killed bronies4ever's ghost
  4401 | D:5      | Reached skill level 5 in Short Blades
  4401 | D:5      | Reached XP level 8. HP: 36/36 MP: 16/25
  4480 | D:5      | Found a radiant altar of Vehumet.
  4568 | D:5      | Upgraded the game from 0.16-a0-747-geaeaf20 to 0.16-a0-764-g7febf84
  4577 | D:5      | Reached skill level 7 in Stealth
  4577 | D:5      | Reached skill level 1 in Evocations
  4642 | D:5      | Found a white marble altar of Elyvilon.
  5090 | D:6      | Found a sparkling altar of Nemelex Xobeh.
  5091 | D:6      | Found an opulent altar of Gozag.
  5100 | D:6      | Became a worshipper of Nemelex Xobeh the Trickster
  5217 | D:6      | Found a stormy altar of Qazlal.
  5365 | D:6      | Received a gift from Nemelex Xobeh
  5376 | D:6      | Reached skill level 8 in Stealth
  5737 | D:6      | Reached XP level 9. HP: 39/39 MP: 20/26
  5801 | D:7      | Found Lipeit's Food Shoppe.
  5995 | D:7      | Reached skill level 5 in Evocations
  6020 | D:7      | Found a staircase to the Ecumenical Temple.
  6050 | D:7      | Reached skill level 9 in Stealth
  6232 | D:7      | Acquired Nemelex Xobeh's first power
  6324 | D:7      | Received a gift from Nemelex Xobeh
  6808 | D:8      | Got an ancient falchion
  6817 | D:8      | Identified the +3 falchion of Lestrauwu {flame, rElec SInv} (You found it on level 8 of the Dungeon)
  6859 | D:8      | Reached skill level 10 in Stealth
  7405 | D:9      | Received a gift from Nemelex Xobeh
  7490 | D:9      | Reached XP level 10. HP: 41/41 MP: 28/28
  7512 | D:9      | Acquired Nemelex Xobeh's second power
  7601 | D:9      | Reached skill level 10 in Short Blades
  7631 | D:9      | Reached skill level 11 in Stealth
  8062 | D:9      | Found an iron altar of Okawaru.
  8152 | D:9      | Noticed an elephant
  8153 | D:9      | Found a staircase to the Lair.
  8189 | D:9      | Killed an elephant
  8343 | D:9      | Noticed Gastronok
  8679 | D:9      | Found a shimmering altar of Xom.
  8930 | D:9      | Found a shadowy altar of Dithmenos.
  9421 | D:10     | Entered Level 10 of the Dungeon
  9549 | D:10     | Reached XP level 11. HP: 37/45 MP: 10/30
 10518 | D:10     | Reached skill level 10 in Evocations
 10521 | D:10     | Received a gift from Nemelex Xobeh
 10969 | D:10     | Got an ichor-stained cutlass
 10970 | D:10     | Identified the +6 cutlass "Beastslayer" {pain, +Inv rF+ MR+} (You found it on level 10 of the Dungeon)
 11142 | D:11     | Reached skill level 10 in Hexes
 11188 | D:11     | Reached skill level 10 in Spellcasting
 11188 | D:11     | Reached skill level 5 in Ice Magic
 11188 | D:11     | Reached XP level 12. HP: 47/49 MP: 30/33
 11217 | D:11     | Found a staircase to the Orcish Mines.
 11225 | D:11     | Noticed Maurice
 11233 | D:11     | Killed Maurice
 11272 | D:11     | Noticed an eight-headed hydra
 11283 | D:11     | Killed a nine-headed hydra
 11295 | D:11     | Acquired Nemelex Xobeh's third power
 11487 | D:11     | Noticed a centaur warrior
 11626 | D:11     | Received a gift from Nemelex Xobeh
 11689 | D:11     | Noticed Nessos
 11710 | D:11     | Killed Nessos
 11894 | D:11     | Killed a centaur warrior
 12002 | D:11     | Reached skill level 12 in Short Blades
 12225 | D:12     | Received a gift from Nemelex Xobeh
 12361 | D:12     | Learned a level 6 spell: Haste
 12439 | D:12     | Learned a level 5 spell: Agony
 12889 | D:12     | Received a gift from Nemelex Xobeh
 13432 | D:13     | Noticed a centaur warrior
 13770 | D:13     | Reached skill level 13 in Short Blades
 14145 | D:13     | Noticed Nergalle
 14471 | Lair:1   | Entered Level 1 of the Lair of Beasts
 14483 | Lair:1   | Learned a level 4 spell: Enslavement
 14485 | Lair:1   | Noticed a six-headed hydra
 14508 | Lair:1   | Killed an eight-headed hydra
 14508 | Lair:1   | Reached XP level 13. HP: 53/53 MP: 19/34
 14573 | Lair:1   | Found a frozen archway.
 14750 | IceCv    | Entered an ice cave
 15016 | IceCv    | Acquired Nemelex Xobeh's fourth power
 15371 | IceCv    | Reached skill level 14 in Short Blades
 15381 | IceCv    | Your ally Ololoev died
 15939 | IceCv    | Reached skill level 1 in Fighting
 16056 | IceCv    | Noticed a frost giant
 16600 | IceCv    | Killed a frost giant
 16849 | IceCv    | Received a gift from Nemelex Xobeh
 17369 | Lair:1   | Noticed Psiweapon's ghost (powerful TeBe)
 17528 | Lair:1   | Killed Psiweapon's ghost
 17673 | Lair:1   | Received a gift from Nemelex Xobeh
 18303 | Lair:2   | Acquired Nemelex Xobeh's fifth power
 18745 | Lair:2   | Learned a level 6 spell: Freezing Cloud
 20017 | Lair:3   | Received a gift from Nemelex Xobeh
 20097 | Lair:3   | Found a radiant altar of Vehumet.
 20235 | Lair:3   | Found a staircase to the Shoals.
 20515 | Lair:3   | Found a hole to the Spider Nest.
 20529 | Lair:3   | Got a blackened shortbow
 20530 | Lair:3   | Identified the cursed -1 shortbow "Shyanwus" {speed, Int+4 Stlth++} (You found it on level 3 of the Lair of Beasts)
 20849 | Lair:3   | Received a gift from Nemelex Xobeh
 21163 | Lair:4   | Found a labyrinth entrance.
 21182 | Lair:4   | the labyrinth entrance was a mimic.
 21233 | Lair:4   | Reached skill level 5 in Fighting
 21331 | Lair:4   | Learned a level 2 spell: Cure Poison
 21335 | Lair:4   | Learned a level 3 spell: Mephitic Cloud
 21374 | Lair:4   | Received a gift from Nemelex Xobeh
 21472 | Lair:4   | Reached skill level 5 in Dodging
 21560 | Lair:4   | Reached XP level 14. HP: 62/66 MP: 7/35
 22145 | Lair:5   | Noticed Rupert
 22375 | Lair:5   | Killed Rupert
 22814 | Lair:5   | Received a gift from Nemelex Xobeh
 23505 | Lair:6   | Received a gift from Nemelex Xobeh
 24552 | Lair:7   | Received a gift from Nemelex Xobeh
 24762 | Lair:7   | Found a staircase to the Slime Pits.
 24763 | Lair:7   | Reached skill level 10 in Dodging
 24927 | Lair:7   | Identified the Disquisition on Glacial Necromancy
 25244 | Lair:7   | Received a gift from Nemelex Xobeh
 25244 | Lair:7   | Noticed Erica
 25247 | Lair:7   | Killed Erica
 25743 | Lair:7   | Identified a scroll of acquirement
 26221 | Lair:8   | Entered Level 8 of the Lair of Beasts
 26342 | Lair:8   | Reached XP level 15. HP: 62/75 MP: 6/36
 26853 | Lair:8   | Reached skill level 1 in Necromancy
 27490 | Lair:8   | Received a gift from Nemelex Xobeh
 27543 | Lair:8   | Found a shadowy altar of Dithmenos.
 28809 | Lair:8   | Received a gift from Nemelex Xobeh
 29330 | Shoals:1 | Entered Level 1 of the Shoals
 29335 | Shoals:1 | Learned a level 3 spell: Flight
 29340 | Shoals:1 | Noticed Frances
 29353 | Shoals:1 | Killed Frances
 30095 | Shoals:1 | Noticed Kirke
 30173 | Shoals:1 | Killed Kirke
 30432 | Shoals:2 | Noticed Saint Roka
 30739 | Shoals:2 | Killed Saint Roka
 30739 | Shoals:2 | Reached XP level 16. HP: 56/79 MP: 20/38
 30931 | Shoals:3 | Found a flickering gateway to a bazaar.
 30978 | Bazaar   | Entered a bazaar
 30978 | Bazaar   | Received a gift from Nemelex Xobeh
 30981 | Bazaar   | Found Shiare Selu's Antique Armour Boutique.
 30984 | Bazaar   | Found Kleteij's Antique Armour Boutique.
 30985 | Bazaar   | Found Aczae's Gadget Boutique.
 30986 | Bazaar   | Found Uskiuh's Weapon Boutique.
 31005 | Bazaar   | Received a gift from Nemelex Xobeh
 31022 | Bazaar   | Bought an ancient cloak for 209 gold pieces
 31022 | Bazaar   | Bought the +2 hat of the High Council {Archmagi, Wiz- Stlth-} for 981 gold pieces
 31043 | Bazaar   | Identified the +2 cloak "Piodioh" {Dex+3} (You bought it in a shop in a bazaar)
 31053 | Bazaar   | Bought a lamp of fire for 440 gold pieces
 32001 | Shoals:4 | Learned a level 6 spell: Simulacrum
 32031 | Shoals:5 | Entered Level 5 of the Shoals
 32166 | Shoals:4 | Received a gift from Nemelex Xobeh
 32674 | Shoals:4 | Reached skill level 15 in Hexes
 33210 | Shoals:4 | Reached skill level 1 in Air Magic
 33371 | Shoals:5 | Noticed Ilsuiw
 34421 | Orc:1    | Entered Level 1 of the Orcish Mines
 34439 | Orc:2    | Received a gift from Nemelex Xobeh
 34494 | Orc:2    | Reached skill level 1 in Shields
 34598 | Orc:2    | Found Cletan's Armour Emporium.
 34689 | Orc:2    | Received a gift from Nemelex Xobeh
 34698 | Orc:2    | Found a roughly hewn altar of Beogh.
 34756 | Orc:2    | Noticed Snorg
 34765 | Orc:2    | Killed Snorg
 34992 | Orc:1    | Found Pruisas' Distillery.
 34994 | Orc:1    | Bought a potion of mutation for 42 gold pieces
 34994 | Orc:1    | Bought a potion of curing for 34 gold pieces
 34994 | Orc:1    | Bought a potion of curing for 34 gold pieces
 34994 | Orc:1    | Bought a potion of curing for 34 gold pieces
 34994 | Orc:1    | Bought a potion of might for 42 gold pieces
 34995 | Orc:1    | Gained mutation: Your mind is acute. (Int +2) [potion of mutation]
 34995 | Orc:1    | Gained mutation: Your flesh is heat resistant. [potion of mutation]
 34995 | Orc:1    | Gained mutation: Your magical capacity is low (-10% MP). [potion of mutation]
 35151 | Orc:1    | Received a gift from Nemelex Xobeh
 35226 | Orc:1    | Found a roughly hewn altar of Beogh.
 35616 | Orc:3    | Upgraded the game from 0.16-a0-764-g7febf84 to 0.16-a0-778-g0731923
 35624 | Orc:3    | Found a staircase to the Elven Halls.
 36067 | Orc:3    | Received a gift from Nemelex Xobeh
 36637 | Orc:4    | Entered Level 4 of the Orcish Mines
 36637 | Orc:4    | Found Qeis' Distillery.
 36641 | Orc:4    | Bought a potion of heal wounds for 39 gold pieces
 36641 | Orc:4    | Bought a potion of mutation for 32 gold pieces
 36641 | Orc:4    | Bought a potion of heal wounds for 39 gold pieces
 36642 | Orc:4    | Gained mutation: You are clumsy. (Dex -2) [potion of mutation]
 36642 | Orc:4    | Gained mutation: Your magical capacity is very low (-20% MP). [potion of mutation]
 36642 | Orc:4    | Gained mutation: Space occasionally distorts in your vicinity. [potion of mutation]
 36643 | Orc:4    | Lost mutation: You are clumsy. (Dex -2) [potion of cure mutation]
 36643 | Orc:4    | Lost mutation: Your magical capacity is very low (-20% MP). [potion of cure mutation]
 36643 | Orc:4    | Lost mutation: Your magical capacity is low (-10% MP). [potion of cure mutation]
 36643 | Orc:4    | Lost mutation: Your flesh is heat resistant. [potion of cure mutation]
 36644 | Orc:4    | Gained mutation: You are resistant to hostile enchantments. [potion of beneficial mutation]
 36645 | Orc:4    | Gained mutation: You are partially covered in iridescent scales (AC +4). [potion of beneficial mutation]
 36656 | Orc:4    | Found Ylouh's Distillery.
 36664 | Orc:4    | Found Schoajil's Magic Scroll Boutique.
 36667 | Orc:4    | Bought a potion of haste for 98 gold pieces
 36675 | Orc:4    | Bought a scroll of blinking for 112 gold pieces
 36675 | Orc:4    | Bought a scroll of identify for 30 gold pieces
 36825 | Orc:4    | Found Stutyt's Jewellery Boutique.
 36826 | Orc:4    | Found Hierir's Assorted Antiques.
 36905 | Orc:4    | Reached skill level 1 in Conjurations
 37064 | Orc:4    | Received a gift from Nemelex Xobeh
 37090 | Orc:4    | Found a roughly hewn altar of Beogh.
 37410 | Orc:4    | Bought a scroll labeled SMARAA MADU for 34 gold pieces
 37410 | Orc:4    | Bought a scroll labeled YTIOLIJINUOGON for 34 gold pieces
 37767 | Orc:4    | Found Clogeh's General Store.
 37767 | Orc:4    | Found Ofid's Magic Scroll Emporium.
 37781 | Orc:4    | Bought a scroll of identify for 28 gold pieces
 37781 | Orc:4    | Bought a scroll of enchant armour for 105 gold pieces
 37781 | Orc:4    | Bought 2 scrolls of identify for 56 gold pieces
 37781 | Orc:4    | Bought a scroll of identify for 28 gold pieces
 37793 | Orc:4    | Bought a potion of heal wounds for 36 gold pieces
 37793 | Orc:4    | Bought a scroll of identify for 24 gold pieces
 37793 | Orc:4    | Bought a scroll of recharging for 114 gold pieces
 37901 | Orc:4    | Received a gift from Nemelex Xobeh
 38427 | Elf:1    | Entered Level 1 of the Elven Halls
 38465 | Orc:3    | Reached skill level 5 in Necromancy
 39285 | Elf:1    | Received a gift from Nemelex Xobeh
 39391 | Elf:1    | Found Mihutut's Antique Armour Boutique.
 40464 | Elf:1    | Reached XP level 17. HP: 76/83 MP: 32/39
 41297 | Elf:2    | Gained mutation: You are agile. (Dex +2) [potion of mutation]
 41297 | Elf:2    | Gained mutation: Your spells are a little easier to cast, but a little less powerful. [potion of mutation]
 41599 | Elf:2    | Received a gift from Nemelex Xobeh
 42496 | Spider:1 | Entered Level 1 of the Spider Nest
 43116 | Spider:1 | Noticed Azrael
 43120 | Spider:1 | Noticed Donald
 43373 | Spider:1 | Killed Azrael
 43474 | Spider:1 | Killed Donald
 43672 | Spider:1 | Noticed Louise
 43695 | Spider:1 | Killed Louise
 43700 | Spider:1 | Received a gift from Nemelex Xobeh
 44376 | Spider:2 | Reached skill level 10 in Ice Magic
 45062 | Spider:2 | Identified the Compendium of Cankerous Battle Magic
 45305 | Spider:2 | Received a gift from Nemelex Xobeh
 45503 | Spider:3 | Received a gift from Nemelex Xobeh
 45666 | Spider:3 | Got a steaming scimitar
 45683 | Spider:2 | Identified the +5 scimitar of Intimidation {slice, rPois SInv Stlth--} (You found it on level 3 of the Spider Nest)
 46852 | Spider:4 | Received a gift from Nemelex Xobeh
 46953 | Spider:4 | Reached skill level 5 in Air Magic
 47504 | Spider:4 | Reached XP level 18. HP: 80/88 MP: 34/41
 47717 | Spider:5 | Entered Level 5 of the Spider Nest
 47717 | Spider:5 | Noticed Aizul
 47972 | Spider:5 | Received a gift from Nemelex Xobeh
 48152 | Spider:5 | Killed Aizul
 48653 | Spider:5 | Noticed Wiglaf
 48678 | Spider:5 | Killed Wiglaf
 48685 | Spider:5 | Reached skill level 15 in Spellcasting
 49503 | Spider:5 | Noticed Arachne
 49918 | Spider:5 | Killed Arachne
 50731 | Spider:5 | Got a gossamer rune of Zot
 51487 | Shoals:5 | Killed Ilsuiw
 51676 | Shoals:5 | Reached skill level 16 in Spellcasting
 51677 | Shoals:5 | Received a gift from Nemelex Xobeh
 51951 | Shoals:5 | Lost mutation: You are agile. (Dex +2) [helix card]
 52140 | Shoals:5 | Reached skill level 5 in Conjurations
 52184 | Shoals:5 | Identified Oxzydwyi's Catalogue of the Destructive Glacier
 52447 | Shoals:5 | Got a crude plate armour
 52448 | Shoals:5 | Identified the +1 plate armour of the Hundredfold Mice {rF+} (You found it on level 5 of the Shoals)
 53301 | Shoals:5 | Got a barnacled rune of Zot
 53759 | D:13     | Received a gift from Nemelex Xobeh
 53762 | D:13     | Killed a centaur warrior
 53793 | D:13     | Noticed a six-headed hydra
 53995 | D:13     | Killed a seven-headed hydra
 54035 | D:13     | Killed Nergalle
 54054 | D:13     | Reached XP level 19. HP: 91/91 MP: 39/42
 54068 | D:13     | Found a snail-covered altar of Cheibriados.
 54169 | D:13     | Noticed Sonja
 54182 | D:13     | Killed Sonja
 54549 | D:14     | Learned a level 7 spell: Orb of Destruction
 54588 | D:14     | Found Straefaf's Book Boutique.
 54631 | D:14     | Bought a book of Necromancy for 480 gold pieces
 54810 | D:14     | Received a gift from Nemelex Xobeh
 54819 | D:14     | Learned a level 4 spell: Animate Dead
 54846 | D:14     | Found a gate to the Vaults.
 55437 | D:15     | Entered Level 15 of the Dungeon
 55456 | D:15     | Received a gift from Nemelex Xobeh
 55828 | D:15     | Received a gift from Nemelex Xobeh
 55938 | D:15     | Reached skill level 17 in Spellcasting
 56005 | D:15     | Found a glowing golden altar of the Shining One.
 56130 | D:15     | Found a staircase to the Depths.
 56481 | Depths:1 | Entered Level 1 of the Depths
 56485 | Depths:1 | Received a gift from Nemelex Xobeh
 56512 | Depths:1 | Found a corrupted altar of Lugonu.
 56513 | Depths:1 | Found a one-way gate to the infinite horrors of the Abyss.
 56533 | D:15     | XOM: silly message
 57125 | Depths:1 | Found Yvessocial's General Store.
 57351 | Depths:1 | Bought a lamp of fire for 680 gold pieces
 57351 | Depths:1 | Bought a bread ration for 85 gold pieces
 57510 | Depths:1 | Found a gateway to Hell.
 57704 | Depths:2 | Noticed Sojobo
 58969 | Shoals:5 | Gained mutation: You have a pair of small horns on your head. [potion of mutation]
 58969 | Shoals:5 | Gained mutation: You passively map a small area around you. [potion of mutation]
 59505 | Vaults:1 | Entered Level 1 of the Vaults
 59511 | Vaults:1 | Learned a level 3 spell: Regeneration
 59515 | Vaults:1 | Learned a level 3 spell: Tukima's Dance
 59547 | Vaults:1 | Found a white marble altar of Elyvilon.
 59624 | Vaults:1 | Demolished by a deep troll

Action                   |  1- 3 |  4- 6 |  7- 9 | 10-12 | 13-15 | 16-18 | 19-21 || total
-------------------------+-------+-------+-------+-------+-------+-------+-------++-------
Melee: Dagger            |   105 |   171 |   340 |   180 |       |       |       ||   796
       Falchion          |       |       |     5 |    11 |       |       |       ||    16
       Cutlass           |       |       |       |   149 |   924 |  2067 |   419 ||  3559
       Unarmed           |       |       |       |       |    36 |       |       ||    36
Throw: Stone             |       |       |     1 |     6 |     2 |     1 |       ||    10
 Cast: Corona            |     5 |       |       |       |       |       |       ||     5
       Ensorcelled Hiber |     9 |    30 |    53 |   136 |   443 |   210 |    24 ||   905
       Confuse           |     1 |     9 |    33 |    61 |   229 |   481 |   118 ||   932
       Flight            |       |       |       |       |     2 |    32 |     1 ||    35
       Mephitic Cloud    |       |       |       |       |     2 |     2 |       ||     4
       Enslavement       |       |       |       |       |     1 |     7 |     2 ||    10
       Simulacrum        |       |       |       |       |       |    12 |     2 ||    14
       Cure Poison       |       |       |       |       |       |     9 |       ||     9
       Freezing Cloud    |       |       |       |       |       |    15 |     1 ||    16
Invok: Peek at Two       |       |       |       |     5 |       |       |       ||     5
       Draw One          |       |       |       |     6 |    31 |    55 |     1 ||    93
       Stack Five        |       |       |       |       |     3 |    10 |     1 ||    14
       Deal Four         |       |       |       |       |     1 |       |       ||     1
 Abil: Evoke Invisibilit |       |       |     1 |       |     1 |     3 |       ||     5
Evoke: Wand              |       |       |     1 |    10 |    11 |    18 |     8 ||    48
       Deck              |       |       |     5 |     8 |     9 |    10 |       ||    32
       Lamp of fire      |       |       |       |       |     3 |     2 |     2 ||     7
  Use: Potion            |       |     1 |     1 |     2 |    13 |    18 |     3 ||    38
       Scroll            |       |     7 |     5 |    12 |    14 |    18 |     5 ||    61
 Stab: Sleeping          |    15 |    27 |    65 |   101 |   295 |   179 |    41 ||   723
       Confused          |     2 |     6 |    20 |    18 |   101 |   258 |    68 ||   473
       Distracted        |       |     1 |     2 |       |     1 |     8 |     2 ||    14
       Invisible         |       |       |       |     4 |       |     5 |       ||     9
       Petrifying        |       |       |       |     3 |       |       |       ||     3
       Fleeing           |       |       |       |       |     5 |       |       ||     5
       Petrified         |       |       |       |       |     2 |       |       ||     2
       Held in net/web   |       |       |       |       |       |     1 |       ||     1
  Eat: Fruit             |       |       |     2 |     4 |     2 |     2 |     2 ||    12
       Pizza             |       |       |       |     2 |     1 |     3 |     2 ||     8
       Bread ration      |       |       |       |       |     2 |     5 |       ||     7
       Royal jelly       |       |       |       |       |     1 |     1 |       ||     2
